 Dungeon Crawl Stone Soup version 0.27-a0-1202-ge72e49191c (webtiles) character file.

Game seed: 12255992222442423154

697 sanka the Skirmisher (level 7, -1/54 HPs)
             Began as a Djinni Artificer on June 4, 2021.
             Was an Initiate of Makhleb.
             Slain by a centaur (2 damage)
             ... on level 5 of the Dungeon.
             The game lasted 00:07:47 (7138 turns).

sanka the Skirmisher (Djinni Artificer)             Turns: 7138, Time: 00:07:48

Health: -1/54      AC:  3    Str: 11    XL:     7   Next: 97%
Gold:   188        EV: 11    Int: 15    God:    Makhleb [......] SH:  0 Dex: 13

rFire    + + .     SeeInvis .   a - +0 dagger (venom)
rCold    x . .     Faith    .   (no shield)
rNeg     . . .     Spirit   .   b - +0 leather armour
rPois    ∞         Reflect  .   (no helmet)
rElec    .         Harm     .   (no cloak)
rCorr    .         Rampage  .   (no gloves)
Will     .....                  (boots unavailable)
Stlth    +.........             (no amulet)
HPRegen  0.18/turn              (no ring)
MPRegen  0.00/turn              (no ring)

@: flying
A: sickness immunity, fire resistance 2, cold vulnerability 1, float, innate
caster, hp casting, extra vitality 1
a: Renounce Religion


You were on level 5 of the Dungeon.
You worshipped Makhleb.
Makhleb was noncommittal.
You visited 2 branches of the dungeon, and saw 6 of its levels.

You collected 188 gold pieces.


Innate Abilities, Weirdness & Mutations

You are immune to sickness and miasma.
You are immune to poison.
Your flesh is very heat resistant. (rF++)
You are vulnerable to cold. (rC-)
You float through the air rather than walking.
You learn spells naturally, not from books.
Your magical power is your life essence.
You have superior vitality. (+4 HP)


   Skills:
 - Level 5.0 Fighting
 - Level 1.0 Armour
 - Level 2.1 Dodging
 - Level 0.7 Stealth
 + Level 4.7 Spellcasting
 - Level 3.0 Evocations


You had 9 spell levels left.
You knew the following spells:

 Your Spells              Type           Power      Damage    Failure   Level
x - Searing Ray           Conj           34%        3d4       4%          2
y - Lesser Beckoning      Tloc           8%         N/A       10%         3
z - Beastly Appendage     Tmut           34%        N/A       3%          1
Your spell library was empty.

Inventory:

Hand Weapons
 a - a +0 dagger of venom (weapon)
 n - a +3 dagger of speed
Armour
 b - a +0 leather armour (worn)
Magical Staves
 l - a staff of earth
Jewellery
 f - a ring of see invisible
Wands
 c - a wand of flame (10) (quivered)
 d - a wand of charming (15)
 p - a wand of acid (6)
 q - a wand of iceblast (6)
Scrolls
 g - a scroll of magic mapping {unknown}
 i - 3 scrolls of teleportation {unknown}
 j - a scroll of blinking {unknown}
 k - 2 scrolls of identify {unknown}
 m - 2 scrolls of amnesia {unknown}
Potions
 h - a potion of heal wounds {unknown}
 o - a potion of berserk rage {unknown}
Miscellaneous
 e - a piece from Xom's chessboard (15/15)

Dungeon Overview and Level Annotations

Branches:
Dungeon (5/15)             Temple (1/1) D:4

Altars:
Ashenzari
Cheibriados
Dithmenos
Elyvilon
Fedhas
Gozag
Hepliaklqana
Kikubaaqudgha
Makhleb
Nemelex Xobeh
Okawaru
Sif Muna
Vehumet
Wu Jian
Zin
The Shining One

Annotations:
D:5 1 transporter, 3 runed translucent doors, Sapher's ghost, amateur DDFi

▒...▒...▒▒▒▒.
▒. .▒
▒.▒.▒▒.......
▒.▒..▒ .....£
▒.▒..▒▒YZZ...
▒.....▒▒▒+++▒
▒.▒▒▒........
▒. ▒..▒▒▒..▒
▒. ▒..▒ ▒.R▒
▒c.▒ ....▒
▒▒...n .....▒
......▒
▒▒▒▒...▒
▒...▒


You could see an ice beast, a necrophage, a centaur (very poisoned) and a
scorpion simulacrum.


Message History

Aiming: Corrosive Bolt
Aim: a centaur, quivering arrows (very poisoned, 84% to hit)
The bolt of acid misses the centaur.
The centaur closely misses you. The centaur kicks you.
* * * LOW HITPOINT WARNING * * *
Aiming: Corrosive Bolt
Aim: a centaur, quivering arrows (lightly wounded, very poisoned, 84% to hit)
The bolt of acid hits the centaur!
The centaur is splashed with acid.
The centaur is severely wounded.
The centaur barely misses you. The centaur misses you.
The centaur barely misses you.
The centaur kicks you but does no damage.
Unknown command.
You barely miss the centaur.
The centaur is almost dead.
The centaur hits you.
* * * LOW HITPOINT WARNING * * *
The centaur kicks you but does no damage.
You closely miss the centaur.
The centaur is almost dead.
The centaur hits you.
* * * LOW HITPOINT WARNING * * *
The centaur kicks you.
* * * LOW HITPOINT WARNING * * *
A necrophage comes into view.
The centaur hits you.
You die...

Action                   |  1- 3 |  4- 6 |  7- 9 || total
-------------------------+-------+-------+-------++-------
Melee: Spear             |    97 |       |       ||    97
       Dagger            |    43 |   179 |    69 ||   291
       Headbutt          |     2 |    11 |       ||    13
 Cast: Beastly Appendage |     4 |    12 |       ||    16
       Searing Ray       |       |     7 |     3 ||    10
Evoke: Wand              |       |     5 |     2 ||     7
 Stab: Sleeping          |     2 |     1 |       ||     3
Armor: Leather armour    |    24 |    47 |    16 ||    87
Dodge: Dodged            |    62 |    79 |    46 ||   187

Levels and vault maps discovered:
D:1:      mushboom_english_gardens, layout_basic,
          hellmonk_ecumenical_altar_inner_sanctum, serial_bayou_crossing
D:2:      layout_loops_ring
D:3:      layout_basic, serial_undead, serial_undead_c, serial_undead_d,
          serial_undead_d, serial_undead_c, lightli_corner_chamber
D:4:      layout_basic, temple_green
D:5:      gammafunk_steamed_eel, layout_loops_ring, gammafunk_ghost_icy
Temple:   compressed_dpeg_circular_temple

Notes
Turn   | Place    | Note
-------+----------+-------------------------------------------
     0 | D:1      | sanka the Djinni Artificer began the quest for the Orb.
     0 | D:1      | Reached XP level 1. HP: 17/17 MP: 0/0
   376 | D:1      | Reached skill level 2 in Fighting
   376 | D:1      | Reached XP level 2. HP: 20/23 MP: 0/0
   784 | D:1      | Reached XP level 3. HP: 29/29 MP: 0/0
   784 | D:1      | Learned a level 1 spell: Beastly Appendage
   987 | D:1      | Reached skill level 3 in Fighting
  1826 | D:1      | Found a faded altar of an unknown god.
  2217 | D:2      | Reached XP level 4. HP: 35/35 MP: 0/0
  2767 | D:2      | Reached skill level 4 in Fighting
  3117 | D:3      | Reached XP level 5. HP: 33/42 MP: 0/0
  3117 | D:3      | Learned a level 2 spell: Searing Ray
  3453 | D:3      | Reached skill level 5 in Fighting
  4014 | D:3      | Noticed a black bear
  4333 | D:3      | Reached skill level 1 in Spellcasting
  4337 | D:3      | Reached XP level 6. HP: 17/49 MP: 0/0
  4543 | D:3      | Reached skill level 2 in Spellcasting
  4697 | D:3      | You are sucked into a shaft and drop 2 floors!
  4697 | D:5      | Entered Level 5 of the Dungeon
  4894 | D:5      | Found a transporter.
  5278 | D:4      | Noticed an ogre
  5461 | D:4      | Reached skill level 3 in Spellcasting
  5461 | D:4      | Reached XP level 7. HP: 46/54 MP: 0/0
  5461 | D:4      | Learned a level 3 spell: Lesser Beckoning
  5724 | D:4      | Found a staircase to the Ecumenical Temple.
  5730 | Temple   | Entered the Ecumenical Temple
  5827 | Temple   | Became a worshipper of Makhleb the Destroyer
  6303 | D:4      | Reached skill level 4 in Spellcasting
  6969 | D:5      | Noticed Sapher's ghost (amateur DDFi)
  7117 | D:5      | Found a runed translucent gate.
  7117 | D:5      | Found a runed translucent gate.
  7117 | D:5      | Found a runed translucent gate.
  7137 | D:5      | HP: 5/54 [centaur (2)]
  7138 | D:5      | HP: 1/54 [centaur (2)]
  7138 | D:5      | Slain by a centaur

Vanquished Creatures
  A black bear (D:4)
  A scorpion (D:5)
  A water moccasin skeleton (D:3)
  2 howler monkeys
  3 hounds
  3 orc priests (D:3)
  2 orc wizards
  An iguana (D:4)
  A howler monkey zombie (D:5)
  5 adders
  A white imp (D:4)
  3 adder skeletons
  3 adder zombies (D:3)
  2 worms
  2 dart slugs (D:1)
  9 orcs
  11 endoplasms
  2 giant cockroaches
  5 goblins
  6 hobgoblins
  5 kobolds
  6 quokkas
  4 ball pythons
  A ball python zombie (D:3)
  8 bats
  7 frilled lizards
  9 rats
104 creatures vanquished.
